Kradschützen Motorcycle Team
Selects Armored Support Battlegroup
Construct Light Support Kompanie
Construct Mechanized Kompanie
Selects Superior Fire Drills
Selects Flammpanzer III Medium Tank
Pak 38 Anti-tank Gun Team
254 Reconnaissance Tractor
Construct Panzerarmee Kommand
Marder III Tank Destroyer
Selects Stuka Anti-tank Loiter